 Dungeon Crawl Stone Soup version 0.30-a0-748-ge6a52f7cba (webtiles) character file.

Game seed: 3988383408334283902

4865 oldriver the Skirmisher (level 11, -3/78 HPs)
             Began as a Meteoran Hunter on Feb 9, 2023.
             Was a Follower of Okawaru.
             Slain by a komodo dragon (28 damage)
             ... on level 8 of the Dungeon.
             The game lasted 00:19:40 (4902 turns).

oldriver the Skirmisher (Meteoran Hunter)           Turns: 4902, Time: 00:19:40

Health: -3/78      AC:  9    Str: 13    XL:     11   Next: 6%
Magic:  10/12      EV: 26    Int: 15    God:    Okawaru [*.....]
Gold:   766        SH:  0    Dex: 21    Spells: 10/10 levels left

rFire   . . .      SeeInvis .    a - +0 shortbow (flame)
rCold   + . .      Faith    .    (shield currently unavailable)
rNeg    . . .      Spirit   .    c - +0 leather armour
rPois   +          Reflect  .    m - +1 helmet {Int+3}
rElec   .          Harm     .    (no cloak)
rCorr   .          Rampage  .    (no gloves)
Will    +....                    (no boots)
Stlth   ++                       (no amulet)
HPRegen 0.33/turn                g - ring of Sukiuwos {rPois rC+ EV+5}
MPRegen 0.13/turn                u - +4 ring of protection

@: heroic, glowing
A: sense surroundings 2, otherworldly, glowing, explore regen
a: Renounce Religion, Heroism


You were on level 8 of the Dungeon.
You worshipped Okawaru.
Okawaru was aware of your devotion.
You visited 2 branches of the dungeon, and saw 9 of its levels.
You also visited: Sewer and Bailey.

You collected 766 gold pieces.

Inventory:

Hand Weapons
 a - a +0 shortbow of flaming (weapon)
 f - a +0 whip
Armour
 c - a +0 leather armour (worn)
 e - a +0 scale mail of fire resistance
 m - a +1 helmet of intelligence (worn)
Jewellery
 g - the ring of Sukiuwos (left hand) {rPois rC+ EV+5}
   (You acquired it on level 4 of the Dungeon)

   [ring of evasion]

   EV:        It affects your evasion (+5).
   rC:        It protects you from cold.
   rPois:     It protects you from poison.
 k - an amulet of faith
 q - a ring of protection from cold
 u - a +4 ring of protection (right hand)
 y - a ring of resist corrosion
 E - a ring of protection from fire
Wands
 t - a wand of digging (6)
Scrolls
 b - a scroll of immolation
 d - a scroll of vulnerability
 o - 7 scrolls of teleportation
 x - 3 scrolls of blinking
 C - a scroll of brand weapon
 F - 3 scrolls of noise {unknown}
 G - a scroll of identify
Potions
 h - 3 potions of degeneration
 i - a potion of berserk rage
 j - 2 potions of curing
 l - a potion of magic {unknown}
 n - 2 potions of brilliance
 p - a potion of lignification
 r - 2 potions of attraction
 s - 3 potions of mutation
 v - a potion of haste {unknown}
 w - 3 potions of flight {unknown}
 z - 3 potions of might
 A - a potion of invisibility {unknown}
 B - a potion of resistance {unknown}
 D - a potion of ambrosia {unknown}


   Skills:
 + Level 7.7(12.7) Fighting
 * Level 11.4(16.4) Ranged Weapons
 + Level 8.5(13.5) Dodging
 + Level 5.6(10.6) Stealth


You had 10 spell levels left.
You didn't know any spells.
Your spell library contained the following spells:

 Spells                   Type           Power      Damage    Failure   Level
 Apportation              Tloc           0%         N/A       32%         1
 Necrotise                Necr           0%         1d4       32%         1
 Blink                    Tloc           0%         N/A       45%         2
 Ensorcelled Hibernation  Hex/Ice        0%         N/A       45%         2
 Lesser Beckoning         Tloc           0%         N/A       45%         2
 Momentum Strike          Conj/Tloc      0%         3d8       45%         2
 Gell's Gravitas          Tloc           0%         N/A       69%         3
 Spider Form              Tmut/Pois      0%         N/A       69%         3
 Teleport Other           Tloc           0%         N/A       69%         3
 Anguish                  Hex/Necr       0%         N/A       97%         4
 Dispersal                Tloc           0%         N/A       100%        6
 Summon Small Mammal      Summ           Unusable   N/A       N/A         1

Dungeon Overview and Level Annotations

Branches:
Dungeon (8/15) Zot: 634    Temple (1/1) D:6 Zot: 424   Sewer (visited)
 Bailey (visited)
   Lair: D:8-11

Altars:
Cheibriados
Elyvilon
Fedhas
Gozag
Hepliaklqana
Kikubaaqudgha
Makhleb
Nemelex Xobeh
Okawaru
Qazlal
Ru
Sif Muna
Trog
Uskayaw
Wu Jian
Yredelemnul
The Shining One


Innate Abilities, Weirdness & Mutations

You passively map the area around you.
You are easily found by Zot.
You glow in the dark.
You regain HP and MP as you explore.


Message History

The vampire mosquito completely misses you.
You shoot an arrow.
The arrow closely misses the vampire mosquito.
The arrow hits the killer bee!
The arrow burns the killer bee.
You kill the killer bee!
Okawaru accepts your kill.
The vampire mosquito closely misses you. x2
You shoot an arrow.
The arrow barely misses the vampire mosquito.
The vampire mosquito closely misses you.
The vampire mosquito bites you.
* * * LOW HITPOINT WARNING * * *
The vampire mosquito draws strength from your injuries!
You shoot an arrow. The arrow hits the vampire mosquito!
The arrow burns the vampire mosquito.
You destroy the vampire mosquito!
Okawaru accepts your kill.
You hear an angry hiss.
You gain the combat prowess of a mighty hero.
A necrophage comes into view.
The komodo dragon closely misses you.
Items here: ))) [ ††.
You shoot an arrow. The arrow hits the komodo dragon.
The arrow burns the komodo dragon.
The komodo dragon is lightly wounded.
You hear a shout!
The komodo dragon completely misses you.
You hear a howl!
You shoot an arrow. The arrow hits the komodo dragon.
The arrow burns the komodo dragon.
The komodo dragon is moderately wounded.
The komodo dragon misses you.
You shoot an arrow.
The arrow closely misses the komodo dragon.
The arrow hits the necrophage but does no damage.
You shoot an arrow. The arrow hits the komodo dragon!
The arrow burns the komodo dragon.
The komodo dragon is heavily wounded.
The komodo dragon bites you!!
You die...

##......#####.# #.# *
,..............####.# #.
#####..#####.#....# #.# ###
#..# #.#.#######
#.#######)## #.#.......#
#.'.._..')# ###..####.#
#.###.###.# #.....#.# ##.#
#.# #.# ######.###.#.#
...###'###.# #nl@†........#
...........###.########.###
.....##.#####..# #.#
...#....# #..# #.#
.....#### * #..# #.# .....#
.... * #.######### .....# *
...y., #....†..... .#.#.#
)....## , #.#######.#
####.# .....l# **#.....#
#.#


You could see a komodo dragon and a necrophage.

Vanquished Creatures
  A centaur warrior (D:8)
  A wyvern (D:7)
  A steam dragon (D:7)
  A vampire mosquito (D:8)
  Menkaure (D:7)
  A water moccasin (D:6)
  2 orc warriors
  A black bear (D:8)
  An ogre (D:4)
  2 ice beasts
  A centaur (D:6)
  7 kobold brigands
  2 bullfrogs (Sewer)
  A gnoll sergeant (D:8)
  9 scorpions
  4 wights (D:8)
  10 killer bees (D:8)
  6 howler monkeys
  8 orc priests
  5 hounds
  3 jellies
  A gnoll bouda (D:8)
  An iguana (D:7)
  3 orc wizards
  4 gnolls
  5 river rats (Sewer)
  17 adders
  2 white imps (D:5)
  2 worms (D:3)
  A dart slug (D:5)
  19 orcs
  11 ball pythons
  10 bats
  7 endoplasms
  2 giant cockroaches
  A goblin (D:2)
  7 hobgoblins
  A jackal (D:2)
  18 kobolds
  8 quokkas
  9 frilled lizards
  23 rats
220 creatures vanquished.

Vanquished Creatures (others)
  An orc (D:7)
  9 fungi (D:4)
  A plant (D:4)
11 creatures vanquished.

Grand Total: 231 creatures vanquished

Notes
Turn   | Place    | Note
-------+----------+-------------------------------------------
     0 | D:1      | oldriver the Meteoran Hunter began the quest for the Orb.
     0 | D:1      | Reached XP level 1. HP: 17/17 MP: 2/2
   163 | D:1      | Reached XP level 2. HP: 24/24 MP: 3/3
   193 | D:1      | Reached skill level 1 in Stealth
   312 | D:1      | Reached XP level 3. HP: 29/30 MP: 4/4
   929 | D:3      | Reached skill level 5 in Ranged Weapons
   929 | D:3      | Reached XP level 4. HP: 34/37 MP: 5/5
   997 | D:3      | Reached XP level 5. HP: 45/45 MP: 6/6
  1294 | D:3      | Reached XP level 6. HP: 51/51 MP: 7/7
  1585 | D:4      | Noticed an ogre
  1599 | D:4      | Killed an ogre
  1600 | D:4      | Reached skill level 6 in Ranged Weapons
  1664 | D:4      | Found a sacrificial altar of Ru.
  1828 | D:4      | Reached XP level 7. HP: 58/58 MP: 8/8
  2019 | D:4      | Reached skill level 7 in Ranged Weapons
  2019 | D:4      | Reached XP level 8. HP: 43/66 MP: 9/9
  2053 | D:4      | Found the +11 Singing Sword {sonic wave}
  2059 | D:4      | Reached skill level 5 in Dodging
  2239 | D:4      | Glimpsed the power of Zot.
  2283 | D:4      | Identified a scroll of acquirement
  2283 | D:4      | Acquired the ring of Sukiuwos {rPois rC+ EV+5}
  2289 | D:4      | Glimpsed the power of Zot.
  2329 | D:4      | Glimpsed the power of Zot.
  2339 | D:4      | Touched by the power of Zot.
  2356 | D:5      | Entered Level 5 of the Dungeon
  2493 | D:5      | Found a glowing golden altar of the Shining One.
  2515 | D:5      | Found a glowing drain.
  2538 | Sewer    | Entered a sewer
  2766 | Sewer    | Reached skill level 5 in Fighting
  2784 | Sewer    | Reached skill level 8 in Ranged Weapons
  2838 | D:5      | Gained mutation: You passively map the area around you.
                  | [Meteoran growth]
  2838 | D:5      | Reached XP level 9. HP: 33/59 MP: 10/10
  3312 | D:5      | Glimpsed the power of Zot.
  3357 | D:6      | Found a staircase to the Ecumenical Temple.
  3372 | Temple   | Entered the Ecumenical Temple
  3622 | D:6      | Reached skill level 9 in Ranged Weapons
  3840 | D:7      | Noticed Menkaure
  3843 | D:7      | Killed Menkaure
  4004 | D:7      | Reached XP level 10. HP: 40/69 MP: 11/11
  4031 | D:7      | Found a flagged portal.
  4037 | Bailey   | Entered a bailey
  4125 | Bailey   | Reached skill level 10 in Ranged Weapons
  4200 | Bailey   | Noticed an orc knight
  4224 | D:7      | Found an iron altar of Okawaru.
  4233 | D:7      | Became a worshipper of Warmaster Okawaru
  4238 | D:7      | Found a stormy altar of Qazlal.
  4245 | D:7      | Found a hide-covered altar of Uskayaw.
  4461 | D:8      | Reached skill level 5 in Stealth
  4595 | D:8      | Found a white marble altar of Elyvilon.
  4697 | D:8      | Found a basalt altar of Yredelemnul.
  4777 | D:8      | Reached * piety under Okawaru
  4844 | D:8      | Noticed a centaur warrior
  4858 | D:8      | Reached skill level 11 in Ranged Weapons
  4864 | D:8      | Killed a centaur warrior
  4865 | D:8      | Reached XP level 11. HP: 53/77 MP: 12/12
  4902 | D:8      | Slain by a komodo dragon

Illustrated notes

Levels and vault maps discovered:
D:1:      psy_arrival_terrarium, layout_loops_cross
D:2:      layout_basic, minmay_pentomino_v4
D:3:      minmay_razor_zed, layout_basic, serial_glass, glass_columns_a,
          glass_columns_c, hex_tiny, grunt_decor_junction, cheibrodos_gnoll_hut
D:4:      old_forge, layout_loops_corners, marbit_many_paths,
          lemuel_crystal_altar, serial_forest, infiniplex_forest_straight_3,
          infiniplex_forest_lined_2, infiniplex_forest_lined_corner,
          infiniplex_forest_clump_cross, infiniplex_forest_zigzag_2,
          infiniplex_forest_straight_1, minivault_25
D:5:      layout_basic, tso_oasis_becter, gup_sewer_entry_glass,
          minmay_fire_ice_demons
D:6:      layout_rooms, minmay_temple_entry_arrows
D:7:      layout_rooms, minmay_overflow_temple_star_quad, enter_bailey_2,
          uniq_menkaure
D:8:      minmay_bloctagon, layout_basic, nicolae_dithmenos_shadow_blocks,
          old_standard_altar, lemuel_doored_altar, lair_entry_dummy,
          corexii_corridor_pit
Temple:   nicolae_temple_bog_church

Skill      XL: |  1  2  3  4  5  6  7  8  9 10 |
---------------+-------------------------------+-----
Stealth        | 1 2 3 4 5 |  5.6
Ranged Weapons | 5 6 7 8 9 11 | 11.4
Dodging        | 3 4 5 7 8 |  8.5
Fighting       | 3 4 5 6 7 |  7.7

Action                     |  1- 3 |  4- 6 |  7- 9 | 10-12 || total
---------------------------+-------+-------+-------+-------++-------
  Melee: Unarmed           |       |    10 |       |     6 ||    16
         Punch             |       |     1 |       |     1 ||     2
   Fire: Shortbow          |    54 |    61 |   401 |   216 ||   732
  Throw: Dart              |       |       |       |     4 ||     4
 Invoke: Heroism           |       |       |       |     1 ||     1
    Use: Potion            |       |     4 |     2 |     1 ||     7
         Scroll            |       |       |    12 |     2 ||    14
 Armour: Leather armour    |     9 |    22 |   191 |    33 ||   255
  Dodge: Dodged            |    11 |    28 |   438 |   173 ||   650

Table legend: (Time is in decaauts)
 A = Elapsed time spent in this place.
 B = Non-inter-level travel time spent in this place.
 C = Inter-level travel time spent in this place.
 D = Time resting spent in this place.
 E = Time spent auto-exploring this place.
 F = Levels seen in this place.
 G = Mean time per level.
                   A        B        C        D        E       F      G
               +--------+--------+--------+--------+--------+-----+--------+
         Total |   5077 |   4644 |    433 |      0 |    147 |  11 |  461.5 |
       Dungeon |   4365 |   3932 |    433 |      0 |      0 |   8 |  545.6 |
        Temple |    176 |    176 |      0 |      0 |    147 |   1 |  176.0 |
         Sewer |    349 |    349 |      0 |      0 |      0 |   1 |  349.0 |
        Bailey |    186 |    186 |      0 |      0 |      0 |   1 |  186.0 |
               +--------+--------+--------+--------+--------+-----+--------+

Top non-repeatable levels by time:
     D:4: 847 daAuts
     D:3: 705 daAuts
     D:5: 697 daAuts
     D:7: 473 daAuts
     D:2: 463 daAuts
     D:8: 451 daAuts
     D:1: 400 daAuts
   Sewer: 349 daAuts
     D:6: 327 daAuts
  Bailey: 186 daAuts
  Temple: 176 daAuts
